 Dungeon Crawl Stone Soup version 0.30.1-9-gdf580d7c3d (webtiles) character file.

Game seed: 14965617906966323424

12 Ivernyr the Shield-Bearer (level 2, 24/24 HPs)
             Began as a Formicid Fighter on Oct 14, 2023.
             Got out of the dungeon alive.
             The game lasted 00:02:01 (394 turns).

Ivernyr the Shield-Bearer (Formicid Fighter)         Turns: 394, Time: 00:02:02

Health: 24/24      AC:  8    Str: 20    XL:     2   Next: 45%
Magic:  2/2        EV:  9    Int:  7    God:
Gold:   30         SH:  5    Dex: 13    Spells: 1/1 levels left

rFire   . . .        a - +0 flail
rCold   . . .        c - +0 buckler
rNeg    . . .        b - +0 scale mail
rPois   .            (helmet unavailable)
rElec   .            (no cloak)
rCorr   .            (no gloves)
SInv    +            g - +0 pair of boots
Will    .....        (no amulet) Stlth
                     (no ring)
HPRegen 0.24/turn    (no ring)
MPRegen 0.08/turn

%: no passive effects
@: no status effects
A: permanent stasis, dig shafts and tunnels, antennae 3, four strong arms
a: Dig, Shaft Self


You escaped.
You visited 1 branch of the dungeon, and saw 1 of its levels.

You collected 30 gold pieces.

Inventory:

Hand Weapons
 a - a +0 flail (weapon)
Armour
 b - a +0 scale mail (worn)
 c - a +0 buckler (worn)
 g - a +0 pair of boots (worn)
Scrolls
 e - a scroll of teleportation {unknown}
 f - a scroll of fear {unknown}
 h - a scroll of fog {unknown}
 j - a scroll of identify {unknown}
Potions
 d - a potion of might
 i - a potion of berserk rage {unknown}


   Skills:
 + Level 3.4 Fighting
 * Level 2.4 Maces & Flails
 + Level 3.4 Armour
 + Level 4.2 Shields


You had one spell level left.
You didn't know any spells.
Your spell library was empty.

Dungeon Overview and Level Annotations

Branches:
Dungeon (1/15)

Altars:


Innate Abilities, Weirdness & Mutations

You cannot be hasted, slowed, berserked, paralysed or teleported.
You can dig through walls and to a lower floor.
You have a pair of large antennae on your head. (SInv)
Your four strong arms can wield two-handed weapons with a shield.


Message History

Things that are here:
a +0 short sword; a kobold corpse; a hobgoblin corpse
j - a scroll labelled QERIAW IBUT A rat comes into view.
A rat is nearby!
The rat barely misses you.
You sock the rat!
You kill the rat!
You see here a rat corpse.
Found a short sword.
You now have 30 gold pieces (gained 13).
You sense a monster nearby.
A kobold comes into view. It is wielding a +0 club.
The kobold throws a stone.
The stone hits you but does no damage.
You barely miss the kobold. The kobold barely misses you. x2
You hit the kobold.
The kobold is moderately wounded.
You block the kobold's attack.
You hit the kobold but do no damage.
The kobold is moderately wounded.
The kobold hits you but does no damage.
You miss the kobold.
The kobold is moderately wounded.
The kobold hits you but does no damage. x2
You hit the kobold.
You kill the kobold!
Found a stone staircase leading down.
Things that are here:
a +0 club; 4 stones A dart slug and a goblin come into view.
Found 13 gold pieces and a twisted glowing staff.
(D) Dungeon
Where to? (? - help)
What level of the Dungeon? (default 1, ? - help)
There are monsters nearby!
There is a stone staircase leading down here.
There is an open door here.
There is a staircase leading out of the dungeon here.
Are you sure you want to leave the Dungeon?
This will make you lose the game!
You have escaped!

............g(...............#.>.
...............#.###.#.#.....####
#####...######.#.......#.....# ##
#...# #####'#####......## #.
#...# #.........#.####.# #. #...#
#....g....#.####.# #. #...#
#..⌠...⌠..#....#.# #.
####...####.........#..#.#.# #[
##.........+....@....+..#.#.#####
#.#.##.#..##.........#...........
.###.......#..⌠...⌠..##.#########
## ##..[..##.........##.#
.###..##...#.........#..#
#.#......#######+########
##.##.#####......#
#####...........##### #
####..............#


You could see a goblin.

Vanquished Creatures
  An endoplasm (D:1)
  2 hobgoblins (D:1)
  2 ball pythons (D:1)
  A bat (D:1)
  A goblin (D:1)
  4 kobolds (D:1)
  2 rats (D:1)
13 creatures vanquished.

Notes
Turn   | Place    | Note
-------+----------+-------------------------------------------
     0 | D:1      | Ivernyr the Formicid Fighter began the quest for the Orb.
     0 | D:1      | Reached XP level 1. HP: 18/18 MP: 1/1
   194 | D:1      | Reached XP level 2. HP: 24/24 MP: 2/2
   394 | D:$      | Got out of the dungeon alive.

Illustrated notes

Levels and vault maps discovered:
D:1:      mushboom_english_gardens, layout_loops_cross

Action                     || total
---------------------------++-------
  Melee: Flail             ||    46
 Armour: Scale mail        ||    19
  Dodge: Dodged            ||    21
  Block: Buckler           ||    16
